 Dungeon Crawl Stone Soup version 0.21-a0-59-g7b0e191 (webtiles) character file.

165 Ijustatesigmund the Sneak (level 5, -1/36 HPs)
             Began as an Octopode Assassin on June 16, 2017.
             Slain by a kobold
             ... wielding a +0 short sword
              (3 damage)
             ... in a sewer.
             The game lasted 00:05:03 (2631 turns).

Ijustatesigmund the Sneak (Octopode Assassin)       Turns: 2631, Time: 00:05:05

Health: -1/36      AC:  1    Str:  7 (10) XL:     5   Next: 46%
Magic:  14/14      EV: 12    Int: 11 (14) God:
Gold:   175        SH:  4    Dex:  7 (10) Spells: 4/4 levels left

rFire    . . .     SeeInvis +   a - +2 dagger
rCold    . . .     Gourm    .   e - +0 buckler
rNeg     . . .     Faith    .   (helmet restricted)
rPois    .         Spirit   .   (no amulet)
rElec    .         Reflect  .   g - ring of see invisible
rCorr    .         Harm     .   h - ring of magical power
MR       .....                  v - -4 ring of dexterity (curse)
Stlth    ++++......             (no ring)
HPRegen  0.12/turn              (no ring)
MPRegen  0.14/turn              (no ring)
                                (no ring)
                                (no ring)

@: lethally poisoned (-1 -> -28), hasted, very quick
A: almost no armour, stealthy swim, amphibious, 8 rings, constrict 8, camouflage
1, gelatinous body 1
a: no special abilities


You were in a sewer.
You were not hungry.

You visited 1 branch of the dungeon, and saw 3 of its levels.
You also visited: Sewer.

You collected 175 gold pieces.

Inventory:

Hand Weapons
 a - a +2 dagger (weapon)
 b - a +0 blowgun
 i - a +2 whip of flaming
Missiles
 c - 27 poisoned needles
 d - 2 curare-tipped needles
Armour
 e - a +0 buckler (worn)
Jewellery
 g - a ring of see invisible (left tentacle)
 h - a ring of magical power (right tentacle)
 v - a cursed -4 ring of dexterity (on tentacle)
Scrolls
 n - a scroll of amnesia
 t - a scroll of remove curse
Potions
 j - a potion of agility
 l - a potion of curing {unknown}
 m - a potion of might {unknown}
 p - a potion of mutation {unknown}
 r - a potion of haste
 s - a potion of flight {unknown}
Books
 u - a book of Misfortune

   Spells                             Type                      Level
   a - Confusing Touch                Hexes                        1
   b - Confuse                        Hexes                        3
   c - Gell's Gravitas                Translocation                3
   d - Petrify                        Transmutation/Earth          4
   e - Metabolic Englaciation         Hexes/Ice                    5
   f - Yara's Violent Unravelling     Hexes/Transmutation          5
Comestibles
 f - 4 bread rations
 k - 5 meat rations
 o - 2 royal jellies


   Skills:
 + Level 3.2 Fighting
 + Level 3.5 Short Blades
 - Level 2.0 Throwing
 - Level 1.0 Dodging
 - Level 5.3 Stealth
 + Level 3.0 Shields


You had 4 spell levels left.
You didn't know any spells.

Dungeon Overview and Level Annotations

Branches:
Dungeon (3/15)

Altars:
Elyvilon
Zin

Annotations:
D:3 Duffy's ghost, amateur BaGl


Innate Abilities, Weirdness & Mutations

You cannot wear most types of armour.
You are very stealthy in the water. (Stealth+)
You are amphibious.
You can wear up to eight rings at the same time.
You can use your tentacles to constrict eight enemies at once.
Your skin changes colour to match your surroundings (Stealth+).
Your rubbery body absorbs attacks. (AC +1, EV +1)


Message History

You are too injured to fight recklessly!
You are too injured to fight recklessly!
You are too injured to fight recklessly!
You are too injured to fight recklessly!
You are too injured to fight recklessly!
It was a potion of haste.
You feel yourself speed up.
You constrict the big kobold.
You feel sick. The kobold closely misses you. The kobold hits you.
* * * LOW HITPOINT WARNING * * *
You block the big kobold's attack.
The big kobold hits you with a dagger of venom.
* * * LOW HITPOINT WARNING * * *
You are more poisoned.
It was a potion of degeneration.
There was something very wrong with that liquid.
You feel weakened.
You feel dopey.
You feel clumsy.
You constrict the big kobold, but do no damage.
* * * LOW HITPOINT WARNING * * *
You feel sick. The kobold hits you with a short sword.
You die...

≈≈≈
≈≈≈#################
≈≈≈≈≈≈≈≈≈≈≈≈≈≈≈≈≈≈≈#
≈≈≈≈≈≈≈≈≈≈≈≈≈≈≈≈≈≈≈#
≈≈≈≈≈≈≈≈≈≈≈≈≈≈≈≈≈≈≈#
######≈≈########'###
...P≈P≈≈P.#.!..#...#
....≈≈≈≈..KK!∩.#.∩.#
..........@KK..#.∩.#
..........#K..?#####
.......P########
.....##.# ##### ###


You could see 2 big kobolds and 3 kobolds.

Vanquished Creatures
  A bullfrog skeleton (D:3)
  5 adders
  An ooze (D:2)
  2 worms (D:2)
  3 dart slugs
  3 leopard geckos
  An orc (D:3)
  8 bats
  4 giant cockroaches
  8 goblins
  6 hobgoblins
  4 jackals
  5 frilled lizards
  6 kobolds
  15 rats
72 creatures vanquished.

Notes
Turn   | Place    | Note
-------+----------+-------------------------------------------
     0 | D:1      | Ijustatesigmund the Octopode Assassin began the quest for the Orb.
     0 | D:1      | Reached XP level 1. HP: 14/14 MP: 1/1
   176 | D:1      | Reached skill level 1 in Shields
   176 | D:1      | Reached XP level 2. HP: 10/19 MP: 2/2
   647 | D:1      | Reached XP level 3. HP: 25/25 MP: 3/3
  1306 | D:2      | Found a glowing silver altar of Zin.
  1347 | D:2      | Reached XP level 4. HP: 24/30 MP: 4/4
  2185 | D:3      | Noticed Duffy's ghost (amateur BaGl)
  2296 | D:3      | Found a white marble altar of Elyvilon.
  2330 | D:3      | Reached XP level 5. HP: 36/36 MP: 5/5
  2594 | D:3      | Found a glowing drain.
  2604 | Sewer    | Entered a sewer
  2623 | Sewer    | Noticed a big kobold
  2623 | Sewer    | Noticed a big kobold
  2631 | Sewer    | Slain by a kobold

Vault maps used:
D:1:      eino_arrival_cavern_b
D:2:      overflow_temple_1_default, minmay_rat_gold_closets
D:3:      nicolae_overflow_hidden_temple, cheibrodos_sewer_entry_bend,
          minmay_misc_feat_more_columns, serial_bayou_lagoon_a
Sewer:    kennysheep_pipe_town

Skill      XL: |  1  2  3  4  5 |
---------------+----------------+-----
Shields        | 1 2 3 |  3.0
Short Blades   | 3 |  3.5
Fighting       | 3 |  3.2
Throwing       | |  2.0
Dodging        | |  1.0
Stealth        | |  5.3

Action                   |  1- 3 |  4- 6 || total
-------------------------+-------+-------++-------
Melee: Dagger            |    64 |    72 ||   136
       Constrict         |    15 |    11 ||    26
       Tentacles         |     8 |     9 ||    17
  Use: Scroll            |     6 |     1 ||     7
       Potion            |       |     2 ||     2
 Stab: Sleeping          |    12 |    18 ||    30
  Eat: Chunk             |     1 |     4 ||     5
Armor: Skin              |     2 |     4 ||     6
Dodge: Dodged            |    19 |    33 ||    52
Block: Buckler           |    12 |    10 ||    22
